 Dungeon Crawl Stone Soup version 0.31-a0-810-ga77100ea1a (webtiles) character file.

Game seed: 13523236633202216906

230 IdlyInterested the Chopper (level 5, -1/38 HPs)
             Began as a Demonspawn Gladiator on Sept 21, 2023.
             Slain by an ogre
             ... wielding a +0 giant club
              (15 damage)
             ... on level 5 of the Dungeon.
             The game lasted 00:10:42 (3765 turns).

IdlyInterested the Chopper (Demonspawn Gladiator)   Turns: 3765, Time: 00:10:43

Health: -1/38      AC:  6    Str: 16    XL:     5   Next: 72%
Magic:  5/5        EV: 11    Int:  9    God:
Gold:   253        SH:  5    Dex: 15    Spells: 4/4 levels left

rFire   . . .        a - +1 war axe
rCold   . . .        (no shield)
rNeg    . . .        i - +0 ring mail
rPois   .            c - +0 helmet
rElec   .            (no cloak)
rCorr   .            (no gloves)
SInv    .            (no boots)
Will    .....        k - amulet of reflection
Stlth   +            (no ring)
HPRegen 0.26/turn    (no ring)
MPRegen 0.09/turn

%: reflection
@: no status effects
A: powered by death 2
a: no special abilities


You were on level 5 of the Dungeon.
You visited 1 branch of the dungeon, and saw 5 of its levels.

You collected 253 gold pieces.

Inventory:

Hand Weapons
 a - a +1 war axe (weapon)
 n - a +0 trident
 r - a +0 rapier of venom
Missiles
 b - 6 boomerangs
 d - 2 throwing nets
 e - a javelin
 g - 6 poisoned darts
 h - 37 stones (quivered)
Armour
 c - a +0 helmet (worn)
 i - a +0 ring mail (worn)
 v - an orb of energy
Jewellery
 f - an amulet of the acrobat
 k - an amulet of reflection (around neck)
Scrolls
 o - a scroll of teleportation {unknown}
 q - a scroll of brand weapon {unknown}
 t - a scroll of fog
 u - a scroll of amnesia
Potions
 j - a potion of degeneration {unknown}
 l - a potion of berserk rage
 m - a potion of heal wounds
 p - a potion of magic {unknown}
 s - a potion of lignification


   Skills:
 - Level 2.0 Fighting
 * Level 5.1 Axes
 - Level 1.7 Throwing
 + Level 1.8 Armour
 - Level 3.0 Dodging
 - Level 1.0 Stealth
 - Level 1.0 Evocations


You had 4 spell levels left.
You didn't know any spells.
Your spell library was empty.

Dungeon Overview and Level Annotations

Branches:
Dungeon (5/15)
 Temple: D:4-7

Altars:
Makhleb
Okawaru
Ru
Sif Muna
Xom


Innate Abilities, Weirdness & Mutations

You regenerate health from kills.


Message History

You now have 253 gold pieces (gained 18).
Done exploring.
Done exploring.
There is a stone staircase leading down here.
You have 253 gold pieces.
As you read the scroll of identify, it crumbles to dust.
s - a potion of lignification You climb downwards.
There is a stone staircase leading up here.
You climb upwards.
There is a stone staircase leading down here.
There is a stone staircase leading down here.
You climb downwards.
Found a scroll of amnesia.
There is a stone staircase leading up here.
u - a scroll of amnesia
There is a stone staircase leading up here.
You climb upwards.
There is a stone staircase leading down here.
There is a stone staircase leading up here.
There is a stone staircase leading down here.
You climb downwards.
The ogre shouts!
Found a scroll labelled KYREZU ETOHONN.
Found a stone staircase leading down.
There is a stone staircase leading up here.
You slash the ogre!
The ogre is moderately wounded.
You block the ogre's attack.
You barely miss the ogre.
The ogre is moderately wounded.
The ogre hits you with a +0 giant club!!
The iguana barely misses you.
You hit the ogre.
The ogre is moderately wounded.
You hit the iguana. The ogre misses you. You block the iguana's attack.
You hit the ogre.
The ogre is heavily wounded.
You slash the iguana! The iguana bites you!
The ogre hits you with a +0 giant club!
You die...

.......
....##
...>...
.....
.......
....
.......
...#
.......
...#
.......
..#
.......#O#
#@.#
..?...l..#
..#####..#
...# ....
.....#
......
........


You could see an ogre and an iguana.

Vanquished Creatures
  An ogre (D:4)
  A howler monkey (D:4)
  2 adders
  A river rat (D:4)
  A worm (D:3)
  2 dart slugs
  7 bats
  6 endoplasms
  4 giant cockroaches
  8 goblins
  5 hobgoblins
  2 quokkas
  6 ball pythons
  3 frilled lizards
  13 kobolds
  5 rats
67 creatures vanquished.

Notes
Turn   | Place    | Note
-------+----------+-------------------------------------------
     0 | D:1      | IdlyInterested the Demonspawn Gladiator began the quest for
                  | the Orb.
     0 | D:1      | Reached XP level 1. HP: 16/16 MP: 1/1
   175 | D:1      | Reached skill level 3 in Axes
   206 | D:1      | Gained mutation: You regenerate a little health from kills.
                  | [demonic ancestry]
   206 | D:1      | Reached XP level 2. HP: 21/22 MP: 2/2
   440 | D:1      | Reached skill level 1 in Armour
  1083 | D:2      | Reached XP level 3. HP: 27/27 MP: 3/3
  1422 | D:2      | Reached skill level 1 in Stealth
  2150 | D:3      | Gained mutation: You regenerate health from kills. [demonic
                  | ancestry]
  2150 | D:3      | Reached XP level 4. HP: 33/33 MP: 4/4
  2179 | D:3      | Reached skill level 1 in Evocations
  2185 | D:3      | Reached skill level 4 in Axes
  2375 | D:3      | Found a faded altar of an unknown god.
  2620 | D:4      | Noticed an ogre
  2629 | D:4      | Killed an ogre
  2630 | D:4      | Reached XP level 5. HP: 25/38 MP: 5/5
  2689 | D:4      | Reached skill level 5 in Axes
  2953 | D:4      | Found a sacrificial altar of Ru.
  2959 | D:4      | Found a burning altar of Makhleb.
  2963 | D:4      | Found a shimmering blue altar of Sif Muna.
  3492 | D:4      | Found an iron altar of Okawaru.
  3493 | D:4      | Found a shimmering altar of Xom.
  3675 | D:5      | Entered Level 5 of the Dungeon
  3761 | D:5      | Noticed an ogre
  3765 | D:5      | Slain by an ogre

Illustrated notes

Levels and vault maps discovered:
D:1:      minmay_arrival_three_doors, layout_basic
D:2:      layout_loops_corners
D:3:      layout_basic, shapermc_ecumenical_altar_starsandcircs, minmay_cut_off
D:4:      layout_loops_ring, minmay_overflow_temple_star_hex,
          portal_sewer_entry_b, corexii_corridor_pit
D:5:      layout_cave_pods, serial_shops, nicolae_shop_rolling_square,
          uniq_blork_the_orc

Skill      XL: |  1  2  3  4  5 |
---------------+----------------+-----
Axes           | 3 4 5 |  5.1
Armour         | 1 |  1.8
Stealth        | 1 |  1.0
Evocations     | 1 |  1.0
Dodging        | 3 |  3.0
Fighting       | |  2.0
Throwing       | |  1.7

Action                     |  1- 3 |  4- 6 || total
---------------------------+-------+-------++-------
  Melee: War axe           |    89 |    69 ||   158
         Punch             |     1 |     1 ||     2
  Throw: Stone             |       |     2 ||     2
         Throwing net      |       |     1 ||     1
    Use: Scroll            |     5 |     1 ||     6
         Potion            |     1 |       ||     1
 Armour: Leather armour    |     7 |       ||     7
         Ring mail         |    36 |    33 ||    69
  Dodge: Dodged            |    69 |    23 ||    92
  Block: Other             |     5 |    12 ||    17

Table legend: (Time is in decaauts)
 A = Elapsed time spent in this place.
 B = Non-inter-level travel time spent in this place.
 C = Inter-level travel time spent in this place.
 D = Time resting spent in this place.
 E = Time spent auto-exploring this place.
 F = Levels seen in this place.
 G = Mean time per level.
                   A        B        C        D        E       F      G
               +--------+--------+--------+--------+--------+-----+--------+
         Total |   3829 |   2684 |   1145 |     68 |   1844 |   5 |  765.8 |
       Dungeon |   3829 |   2684 |   1145 |     68 |   1844 |   5 |  765.8 |
               +--------+--------+--------+--------+--------+-----+--------+

Top non-repeatable levels by time:
     D:4: 1216 daAuts
     D:1: 1106 daAuts
     D:2: 998 daAuts
     D:3: 494 daAuts
     D:5: 13 daAuts
